 Dungeon Crawl Stone Soup version 0.30-a0-339-g89bb51ec76 (webtiles) character file.

Game seed: 17818718680930621808

777 p00ps00p the Fighter (level 7, -11/73 HPs)
             Began as a Hill Orc Fighter on Nov 1, 2022.
             Mangled by an ogre
             ... wielding a +0 giant club
              (23 damage)
             ... on level 4 of the Dungeon.
             The game lasted 00:07:22 (3919 turns).

p00ps00p the Fighter (Hill Orc Fighter)             Turns: 3919, Time: 00:07:23

Health: -11/73     AC: 14    Str: 19    XL:     7   Next: 84%
Magic:  7/7        EV:  9    Int:  8    God:
Gold:   177        SH:  4    Dex: 12    Spells: 6/6 levels left

rFire   . . .      SeeInvis .    a - +0 war axe (protect)
rCold   . . .      Faith    .    c - +0 buckler
rNeg    . . .      Spirit   .    b - +0 scale mail
rPois   .          Reflect  .    u - +1 hat
rElec   .          Harm     .    (no cloak)
rCorr   .          Rampage  .    (no gloves)
Will    .....                    (no boots)
Stlth   ..........               (no amulet)
HPRegen 0.32/turn                f - +4 ring of slaying
MPRegen 0.10/turn                (no ring)

@: under a protective aura
A: no striking features
a: no special abilities


You were on level 4 of the Dungeon.
You visited 1 branch of the dungeon, and saw 4 of its levels.
You also visited: Ossuary.

You collected 177 gold pieces.

Inventory:

Hand Weapons
 a - a +0 war axe of protection (weapon)
Missiles
 k - 2 throwing nets (quivered)
 n - 5 javelins
 o - 4 poisoned darts
Armour
 b - a +0 scale mail (worn)
 c - a +0 buckler (worn)
 u - a +1 hat (worn)
Jewellery
 f - a +4 ring of slaying (left hand)
 x - a +6 ring of intelligence
Wands
 p - a wand of polymorph (3)
 w - a wand of roots (4)
Scrolls
 e - 2 scrolls of fear
 s - a scroll of identify
 t - 3 scrolls of teleportation
 v - a scroll of immolation
Potions
 d - a potion of might
 g - 4 potions of mutation {unknown}
 h - 3 potions of haste {unknown}
 i - a potion of flight
 j - 2 potions of degeneration {unknown}
 l - 2 potions of ambrosia
 m - 2 potions of heal wounds {unknown}
 q - a potion of attraction {unknown}
 r - a potion of curing {unknown}


   Skills:
 + Level 10.7 Fighting
 - Level 2.6 Axes
 - Level 3.2 Armour
 - Level 3.2 Shields


You had 6 spell levels left.
You didn't know any spells.
Your spell library contained the following spells:

 Spells                   Type           Power      Damage    Failure   Level
 Summon Small Mammal      Summ           0%         N/A       86%         1
 Sublimation of Blood     Necr           0%         N/A       95%         2
 Call Canine Familiar     Summ           0%         N/A       99%         3
 Ozocubu's Armour         Ice            0%         N/A       99%         3
 Summon Guardian Golem    Hex/Summ       0%         N/A       99%         3
 Petrify                  Tmut/Erth      0%         N/A       100%        4
 Irradiate                Conj/Tmut      0%         3d11      100%        5
 Metabolic Englaciation   Hex/Ice        0%         N/A       100%        5
 Simulacrum               Ice/Necr       0%         N/A       100%        6


Dungeon Overview and Level Annotations

Branches:
Dungeon (4/15)            Ossuary (visited)
 Temple: D:4-7

Altars:
Elyvilon
Fedhas

Annotations:
D:4 3 runed translucent doors, bchevrier's ghost, amateur GnWn


Message History

There is an open door here.
Things that are here:
a +0 flail; a +0 leather armour You see here a +0 war axe.
Items here: ( ) [ †.
The adder hisses angrily.
The goblin shouts!
Bchevrier's ghost turns its malevolent gaze towards you.
Bchevrier's ghost tries to blend into its surroundings.
Found a runed translucent gate.
Bchevrier's ghost ripples.
The orc wizard shouts!
For a moment, you lose track of bchevrier's ghost.
An ufetubus comes into view.
The goblin shouts!
The ufetubus shouts!
An ufetubus is nearby!
The ufetubus hits you. The ufetubus misses you.
The ufetubus closely misses you. The ufetubus barely misses you.
The ufetubus hits you. The ufetubus barely misses you. The ufetubus hits you.
The ufetubus closely misses you. The ufetubus barely misses you.
The ufetubus hits you.
You hit the ufetubus.
Your weapon exudes an aura of protection.
You kill the ufetubus!
Found a robe.
There is an open door here.
There is an open door here.
An ogre comes into view. It is wielding a +0 giant club.
The ogre shouts!
An ogre is nearby!
The ogre hits you with a +0 giant club!!
Found a sling.
The ogre hits you with a +0 giant club.
The ogre hits you with a +0 giant club!!
You barely miss the ogre. The ogre hits you with a +0 giant club!
* * * LOW HITPOINT WARNING * * *
You slash the ogre!
Your weapon exudes an aura of protection.
The ogre is heavily wounded.
The ogre hits you with a +0 giant club!!
You die...

.#gWS.... .###+++##
.............# .........
...).........# .........
............# #'###....
...........## ........#
#........... ...... +
#........... ........
#........... ........
#..@........
........######..O........
#########.........#######
........#.........#
........#.........#
........'.........#
###.....#.........#
###.....##........#
.........#........#


You could see an ogre.

Vanquished Creatures
  Sigmund (D:3)
  6 water moccasin zombies (Ossuary)
  An orc priest (D:4)
  3 orc wizards (D:4)
  2 mummies (Ossuary)
  4 adders
  An ufetubus (D:4)
  6 adder zombies (Ossuary)
  A worm (D:2)
  2 dart slugs
  13 orcs
  6 ball pythons
  3 endoplasms
  A giant cockroach (D:2)
  5 gnoll zombies (Ossuary)
  2 goblins
  11 hobgoblins
  4 jackals (D:3)
  3 quokkas
  6 bats
  3 frilled lizards
  5 hobgoblin zombies (Ossuary)
  3 kobolds
  5 kobold zombies (Ossuary)
  3 orc zombies (Ossuary)
  2 rats
102 creatures vanquished.

Vanquished Creatures (others)
  A plant (D:1)
1 creature vanquished.

Grand Total: 103 creatures vanquished

Notes
Turn   | Place    | Note
-------+----------+-------------------------------------------
     0 | D:1      | p00ps00p the Hill Orc Fighter began the quest for the Orb.
     0 | D:1      | Reached XP level 1. HP: 19/19 MP: 1/1
    95 | D:1      | Reached skill level 4 in Fighting
   101 | D:1      | Reached XP level 2. HP: 22/27 MP: 2/2
   787 | D:2      | Reached XP level 3. HP: 33/35 MP: 3/3
   804 | D:2      | Found a blossoming altar of Fedhas.
   895 | D:2      | Reached skill level 5 in Fighting
  1476 | D:3      | Noticed Sigmund
  2784 | D:3      | Reached XP level 4. HP: 43/44 MP: 4/4
  2795 | D:3      | Reached skill level 6 in Fighting
  2966 | D:3      | Killed Sigmund
  2967 | D:3      | Reached skill level 8 in Fighting
  2967 | D:3      | Reached XP level 5. HP: 48/53 MP: 5/5
  2967 | D:3      | Reached XP level 6. HP: 55/61 MP: 6/6
  3034 | D:3      | Found a white marble altar of Elyvilon.
  3080 | D:3      | Found a faded altar of an unknown god.
  3284 | D:4      | Found a sand-covered staircase.
  3297 | Ossuary  | Entered an ossuary
  3429 | Ossuary  | Reached skill level 9 in Fighting
  3450 | Ossuary  | Reached XP level 7. HP: 70/70 MP: 7/7
  3467 | Ossuary  | Reached skill level 10 in Fighting
  3844 | D:4      | Noticed bchevrier's ghost (amateur GnWn)
  3846 | D:4      | Found a runed translucent gate.
  3847 | D:4      | Found a runed translucent gate.
  3847 | D:4      | Found a runed translucent gate.
  3919 | D:4      | Mangled by an ogre

Illustrated notes

Levels and vault maps discovered:
D:1:      saegor_arrival_under_anarchy, layout_basic, minmay_heptomino_d4
D:2:      layout_basic, basic_altar
D:3:      layout_rooms, mainiacjoe_overflow_alcove_4,
          dreamdust_ecumenical_altar_statues, minivault_11, uniq_sigmund
D:4:      layout_gridville, nicolae_ossuary_entry_monument,
          gammafunk_ghost_split

Skill      XL: |  1  2  3  4  5  6  7 |
---------------+----------------------+-----
Fighting       | 4 5 8 9 10 | 10.7
Axes           | |  2.6
Armour         | |  3.2
Shields        | |  3.2

Action                   |  1- 3 |  4- 6 |  7- 9 || total
-------------------------+-------+-------+-------++-------
Melee: War axe           |    93 |   109 |    70 ||   272
       Unarmed           |     5 |       |       ||     5
  Use: Scroll            |     8 |     3 |     1 ||    12
Armor: Scale mail        |    49 |    59 |    57 ||   165
       Skin              |       |    12 |       ||    12
Dodge: Dodged            |    69 |    49 |    30 ||   148
Block: Buckler           |    20 |    20 |    10 ||    50

Table legend: (Time is in decaauts)
 A = Elapsed time spent in this place.
 B = Non-inter-level travel time spent in this place.
 C = Inter-level travel time spent in this place.
 D = Time resting spent in this place.
 E = Time spent auto-exploring this place.
 F = Levels seen in this place.
 G = Mean time per level.
                   A        B        C        D        E       F      G
               +--------+--------+--------+--------+--------+-----+--------+
         Total |   4032 |   3963 |     69 |   1089 |   1842 |   5 |  806.4 |
       Dungeon |   3701 |   3632 |     69 |   1089 |   1709 |   4 |  925.2 |
       Ossuary |    331 |    331 |      0 |      0 |    133 |   1 |  331.0 |
               +--------+--------+--------+--------+--------+-----+--------+

Top non-repeatable levels by time:
     D:2: 2007 daAuts
     D:1: 657 daAuts
     D:3: 559 daAuts
     D:4: 476 daAuts
 Ossuary: 331 daAuts
